 Dungeon Crawl Stone Soup version 0.24.0-7-gb3623d2c88 (webtiles) character file.

Game seed: 6304569767155448285, levelgen mode: deterministic

2437 Aviak the Covert (level 9, 0/51 HPs)
             Began as an Octopode Enchanter on Nov 2, 2019.
             Was an Initiate of Ru.
             Slain by a sky beast (5 damage)
             ... on level 6 of the Dungeon.
             The game lasted 00:10:56 (6188 turns).

Aviak the Covert (Octopode Enchanter)               Turns: 6188, Time: 00:10:56

Health: 0/51       AC:  1    Str:  7    XL:     9   Next: 49%
Magic:  11/13      EV: 18    Int: 17    God:    Ru [......]
Gold:   282        SH:  0    Dex: 16    Spells: 2/14 levels left

rFire    . . .     SeeInvis .   g - +1 dagger (speed)
rCold    . . .     Gourm    .   (no shield)
rNeg     . . .     Faith    .   (helmet restricted)
rPois    .         Spirit   .   (no amulet)
rElec    .         Reflect  .   E - +1 ring of evasion
rCorr    .         Harm     .   (no ring)
MR       .....     Clarity  +   (no ring)
Stlth    +++++.....             (no ring)
HPRegen  0.17/turn              (no ring)
MPRegen  0.13/turn              (no ring)
                                (no ring)
                                (no ring)

@: no status effects
A: almost no armour, stealthy swim, amphibious, 8 rings, constrict 8, beak,
camouflage 1, clarity, gelatinous body 1
a: Renounce Religion


You were on level 6 of the Dungeon.
You worshipped Ru.
Ru was noncommittal.
You were not hungry.

You visited 2 branches of the dungeon, and saw 7 of its levels.

You collected 282 gold pieces.

Inventory:

Hand Weapons
 a - a +1 dagger
 g - a +1 dagger of speed (weapon)
Jewellery
 E - a +1 ring of evasion (left tentacle)
Wands
 l - a wand of acid (3)
Scrolls
 d - 4 scrolls of fog
 e - 3 scrolls of immolation
 f - 2 scrolls of enchant armour
 i - a scroll of identify
 j - a scroll of amnesia {unknown}
 k - a scroll of vulnerability {unknown}
 m - a scroll of blinking {unknown}
 o - a scroll of noise {unknown}
 p - a scroll of silence {unknown}
 r - 4 scrolls of remove curse
 t - a scroll of teleportation
Potions
 b - a potion of mutation {!q}
 h - a potion of lignification {!q}
 q - a potion of flight {unknown}
 u - a potion of ambrosia {unknown}
Comestibles
 n - 6 rations


   Skills:
 + Level 6.0 Short Blades
 + Level 6.3 Dodging
 + Level 9.6 Stealth
 - Level 3.0 Spellcasting
 + Level 6.8 Hexes


You had 2 spell levels left.
You knew the following spells:

 Your Spells              Type           Power        Failure   Level  Hunger
a - Corona                Hex            ####...      1%          1    None
b - Ensorcelled Hibernat  Hex/Ice        ##....       6%          2    ##.....
c - Confuse               Hex            ####....     3%          3    ###....
d - Tukima's Dance        Hex            ####....     3%          3    ###....
e - Dazzling Spray        Conj/Hex       ##....       13%         3    ###....

Your spell library contained the following spells:

 Spells                   Type           Power        Failure   Level  Hunger


Dungeon Overview and Level Annotations

Branches:
Dungeon (6/15)             Temple (1/1) D:6

Altars:
Ashenzari
Cheibriados
Elyvilon
Fedhas
Gozag
Kikubaaqudgha
Makhleb
Nemelex Xobeh
Okawaru
Qazlal
Ru
Sif Muna
Trog
Uskayaw
Vehumet
Wu Jian
Xom
Yredelemnul
Zin
The Shining One


Innate Abilities, Weirdness & Mutations

You cannot wear most types of armour.
You are very stealthy in the water. (Stealth+)
You are amphibious.
You can wear up to eight rings at the same time.
You can use your tentacles to constrict eight enemies at once.
Your skin changes colour to match your surroundings (Stealth+).
Your rubbery body absorbs attacks. (AC +1, EV +1)
You have a beak for a mouth.
You possess an exceptional clarity of mind.


Message History

* * * LOW HITPOINT WARNING * * *
You feel sick.
You start resting.
* * * LOW HITPOINT WARNING * * *
You feel sick.
You start resting.
* * * LOW HITPOINT WARNING * * *
You feel sick.
You start resting.
* * * LOW HITPOINT WARNING * * *
You feel sick.
You start resting.
The orc wizard is too close now for your liking.
Unknown command.
An orc wizard is nearby!
A sky beast comes into view.
You feel better. The sky beast hits you.
* * * LOW HITPOINT WARNING * * *
The sky beast shocks you.
You die...

#.......o.........
#........#$....#..
#..†).............
#.........#......#
#...[.†...'....#..
#..$......#......#
#.....#+#.#....#..
#.##### ###....#..
#@# ##+##...
+....Y.# .##.##
#....#.# ....##
........# .......
..... ..# #.######
........# # ###...
.... ...# #.....
......Y.# #.....
#.....


You could see an ice beast (sleeping) and a sky beast.

Vanquished Creatures
  Pikel (D:3)
  Grinder (D:4)
  Eustachio (D:4)
  Menkaure (D:4)
  An orc warrior (D:5)
  A sky beast (D:5)
  An ogre (D:6)
  4 centaurs (D:5)
  Blork the orc (D:4)
  2 scorpions
  A water moccasin skeleton (D:4)
  A centaur zombie (D:6)
  A crimson imp (D:5)
  3 orc priests
  2 hounds
  11 orc wizards
  A centaur skeleton (D:3)
  2 iguanas (D:4)
  A worker ant (D:5)
  A hound skeleton (D:4)
  8 adders
  An ooze (D:5)
  2 worms (D:2)
  A dart slug (D:1)
  4 leopard geckos
  17 orcs
  4 bats
  4 giant cockroaches
  11 goblins
  5 hobgoblins
  8 jackals
  3 quokkas
  4 frilled lizards
  4 kobolds
  7 rats
121 creatures vanquished.

Vanquished Creatures (collateral kills)
  An orc (D:6)
1 creature vanquished.

Vanquished Creatures (others)
  A dancing weapon (D:6)
  A slave (D:4)
  3 gnolls (D:4)
5 creatures vanquished.

Grand Total: 127 creatures vanquished

Notes
Turn   | Place    | Note
-------+----------+-------------------------------------------
     0 | D:1      | Aviak the Octopode Enchanter began the quest for the Orb.
     0 | D:1      | Reached XP level 1. HP: 11/11 MP: 3/3
    84 | D:1      | Reached XP level 2. HP: 13/17 MP: 5/5
   486 | D:1      | Learned a level 2 spell: Ensorcelled Hibernation
   908 | D:2      | Reached XP level 3. HP: 21/21 MP: 6/6
  1209 | D:2      | Found an opulent altar of Gozag.
  1315 | D:2      | Reached XP level 4. HP: 27/27 MP: 7/7
  1558 | D:2      | Found a blossoming altar of Fedhas.
  1646 | D:3      | Found an iron altar of Okawaru.
  1798 | D:3      | Reached skill level 5 in Stealth
  1798 | D:3      | Reached XP level 5. HP: 31/31 MP: 7/9
  1986 | D:3      | Gained mutation: You have a beak for a mouth. [potion of
                  | mutation]
  1986 | D:3      | Gained mutation: You possess an exceptional clarity of
                  | mind. [potion of mutation]
  2594 | D:3      | Reached XP level 6. HP: 26/36 MP: 2/10
  2738 | D:3      | Learned a level 3 spell: Confuse
  2742 | D:3      | Learned a level 3 spell: Dazzling Spray
  2837 | D:3      | Found a hide-covered altar of Uskayaw.
  2846 | D:3      | Found a burning altar of Makhleb.
  2940 | D:4      | Noticed a slave
  2940 | D:4      | Noticed a slave
  2940 | D:4      | Noticed a slave
  2941 | D:4      | Noticed Pikel
  2941 | D:4      | Noticed a slave
  2947 | D:4      | Noticed Blork the orc
  3109 | D:3      | Killed Pikel
  3109 | D:3      | Reached skill level 6 in Stealth
  3109 | D:3      | Reached XP level 7. HP: 35/41 MP: 5/11
  3154 | D:4      | Reached skill level 5 in Hexes
  3155 | D:4      | Reached skill level 7 in Stealth
  3182 | D:4      | Reached XP level 8. HP: 38/46 MP: 12/12
  3224 | D:4      | Noticed Grinder
  3247 | D:4      | Killed Grinder
  3303 | D:4      | Killed Blork the orc
  3359 | D:4      | Noticed Menkaure
  3365 | D:4      | Killed Menkaure
  3365 | D:4      | Reached skill level 5 in Dodging
  3378 | D:4      | Noticed Eustachio
  3442 | D:4      | Killed Eustachio
  3442 | D:4      | Reached skill level 8 in Stealth
  3700 | D:5      | Entered Level 5 of the Dungeon
  3748 | D:5      | Reached skill level 5 in Short Blades
  4325 | D:5      | Reached XP level 9. HP: 51/51 MP: 2/13
  4492 | D:5      | Learned a level 3 spell: Tukima's Dance
  4795 | D:5      | Reached skill level 9 in Stealth
  5649 | D:6      | Found a staircase to the Ecumenical Temple.
  5658 | Temple   | Entered the Ecumenical Temple
  5838 | Temple   | Became a worshipper of Ru the Awakened
  6181 | D:6      | HP: 2/51 [poisoned by a scorpion]
  6188 | D:6      | Slain by a sky beast

Levels and vault maps discovered:
D:1:      dpeg_arrival_stone_temple_mockup, layout_basic,
          minmay_misc_feat_pillars, hangedman_decor_clover_reticule
D:2:      layout_basic, lemuel_round_altar, first_ration, grunt_decor_cap,
          fedhas_altar_2
D:3:      layout_loops_corners, amethyst_overflow_temple_binary,
          okawaru_gym_becter
D:4:      layout_rooms, uniq_blork_the_orc, uniq_grinder, uniq_pikel,
          uniq_menkaure, uniq_eustachio
D:5:      layout_basic
D:6:      layout_basic, grunt_dithmenos_shadows, minmay_temple_entry_slanted,
          gammafunk_ghost_icy
Temple:   eino_temple_scatter_basement

Skill      XL: |  1  2  3  4  5  6  7  8  9 |
---------------+----------------------------+-----
Short Blades   | 2 3 4 5 6 |  6.0
Stealth        | 5 6 7 8 9 |  9.6
Dodging        | 3 4 5 6 |  6.3
Spellcasting   | 3 |  3.0
Hexes          | 4 5 6 |  6.8

Action                   |  1- 3 |  4- 6 |  7- 9 || total
-------------------------+-------+-------+-------++-------
Melee: Dagger            |    68 |   107 |   206 ||   381
       Constrict         |    21 |    24 |    30 ||    75
       Tentacles         |     7 |    21 |    33 ||    61
       Peck              |       |    13 |    30 ||    43
 Cast: Ensorcelled Hiber |     2 |    10 |     3 ||    15
       Confuse           |       |     5 |    27 ||    32
       Dazzling Spray    |       |       |     5 ||     5
       Tukima's Dance    |       |       |     2 ||     2
       Corona            |       |       |     2 ||     2
  Use: Scroll            |       |     5 |     4 ||     9
       Potion            |       |     3 |     1 ||     4
 Stab: Sleeping          |    10 |    12 |    15 ||    37
       Confused          |       |     2 |    10 ||    12
       Invisible         |       |       |     2 ||     2
  Eat: Chunk             |     1 |     6 |     5 ||    12
       Ration            |       |       |     3 ||     3
Armor: Skin              |     5 |     4 |     4 ||    13
Dodge: Dodged            |    52 |    61 |    98 ||   211
